 Dungeon Crawl Stone Soup version 0.32-a0-42-ga30500b4d3 (webtiles) character file.

Game seed: 4898655572245201180

57658 seren the Lord of Darkness (level 14, 0/105 (106) HPs)
             Began as a Demonspawn Necromancer on Jan 30, 2024.
             Was the Champion of Kikubaaqudgha.
             Slain by an ice devil (7 damage)
             ... summoned by an orc high priest
             ... on level 2 of the Orcish Mines.
             The game lasted 01:29:21 (21028 turns).

seren the Lord of Darkness (DsNe)                  Turns: 21028, Time: 01:29:22

HP:   0/105 (106)   AC: 19    Str:  8    XL:     14   Next: 46%
MP:   29/29         EV: 13    Int: 21    God:    Kikubaaqudgha [******]
Gold: 1047          SH:  4    Dex: 10    Spells: 6/35 levels left

rFire   + + +        a - +3 dagger (pain)
rCold   + + .        U - +0 buckler "Pafre Naido" {rF+ rC++ Dex-4 SInv}
rNeg    . . .        V - +3 leather armour {rF+}
rPois   .            K - +0 hat
rElec   +            d - +0 cloak
rCorr   .            B - +2 pair of gloves
SInv    +            (no boots)
Will    +....        (no amulet)
Stlth   ++           p - +4 ring of protection
HPRegen 0.37/turn    G - ring of protection from fire
MPRegen 0.42/turn

%: no passive effects
@: lightly drained
A: claws 2, thin metallic scales 3, spiny 3, magic regeneration
a: Renounce Religion, Unearth Wretches, Torment


You were on level 2 of the Orcish Mines.
You worshipped Kikubaaqudgha.
Kikubaaqudgha was exalted by your worship.
You visited 4 branches of the dungeon, and saw 18 of its levels.
You also visited: Ossuary, Gauntlet and Volcano.

You collected 1317 gold pieces.
You spent 270 gold pieces at shops.

Inventory:

Hand Weapons
 a - a +3 dagger of pain (weapon)
 b - a +2 dagger of speed
 f - the +3 war axe of Massacring {heavy, *Noise rPois Dex+3}
   (You found it on level 10 of the Dungeon)

   Dex+3:     It affects your dexterity (+3).
   rPois:     It protects you from poison *Noise: It may make a loud noise when
   swung.
Missiles
 r - a throwing net
 A - 7 curare-tipped darts
 H - 6 datura-tipped darts
 W - 4 atropa-tipped darts
Armour
 d - a +0 cloak (worn)
 v - a +0 scale mail of poison resistance
 B - a +2 pair of gloves (worn)
 K - a +0 hat (worn)
 U - the +0 buckler "Pafre Naido" (worn) {rF+ rC++ Dex-4 SInv}
   (You found it on level 5 of the Lair of Beasts)

   Dex-4:     It affects your dexterity (-4).
   rF+:       It protects you from fire.
   rC++:      It greatly protects you from cold.
   SInv:      It lets you see invisible.
 V - a +3 leather armour of fire resistance (worn)
Jewellery
 n - a ring of protection from cold
 p - a +4 ring of protection (left hand)
 z - a +5 ring of evasion
 F - a +6 ring of intelligence
 G - a ring of protection from fire (right hand)
Talismans
 m - a flux talisman
Wands
 q - a wand of flame (28)
 s - a wand of roots (1)
 M - a wand of charming (6)
 S - a wand of digging (5)
 T - a wand of polymorph (12)
Scrolls
 c - 2 scrolls of fog
 h - a scroll of fear
 i - 4 scrolls of poison
 j - 2 scrolls of enchant armour
 l - 5 scrolls of amnesia
 t - a scroll of brand weapon
 u - 9 scrolls of teleportation {!r}
 x - a scroll of revelation
 y - 3 scrolls of immolation
 E - a scroll of summoning {unknown}
 I - 5 scrolls of blinking {!r}
 Y - a scroll of vulnerability {unknown}
Potions
 e - a potion of invisibility {unknown}
 g - 11 potions of ambrosia
 k - 11 potions of curing
 o - 4 potions of enlightenment
 w - 2 potions of brilliance
 C - a potion of mutation {unknown}
 D - 4 potions of haste
 J - 3 potions of heal wounds
 O - 2 potions of berserk rage
 P - 3 potions of might
 Q - 2 potions of magic
 R - a potion of cancellation {unknown}


   Skills:
 + Level 8.3 Fighting
 - Level 6.0 Short Blades
 + Level 6.9 Armour
 - Level 10.0 Dodging
 - Level 5.0 Stealth
 * Level 4.0 Shields
 - Level 3.1 Unarmed Combat
 + Level 11.2 Spellcasting
 * Level 4.0 Summonings
 + Level 13.6 Necromancy
 - Level 1.0 Fire Magic
 - Level 6.0 Evocations


You had 6 spell levels left.
You knew the following spells:

 Your Spells              Type           Power      Damage    Failure   Level
a - Necrotise             Necr           100%       1d9       1%          1
b - Vampiric Draining     Necr           62%        2d10      1%          3
c - Animate Dead          Necr           62%        N/A       1%          4
d - Curse of Agony        Necr           62%        N/A       1%          5
e - Dispel Undead         Necr           62%        3d22      1%          4
f - Martyr's Knell        Necr/Summ      49%        N/A       3%          4
g - Sublimation of Blood  Necr           62%        N/A       1%          2
h - Death Channel         Necr           31%        N/A       7%          6

Your spell library contained the following spells:

 Spells                   Type           Power      Damage    Failure   Level
 Kiss of Death            Conj/Necr      100%       2d13      1%          1
 Fugue of the Fallen      Necr           62%        N/A       1%          3
 Call Canine Familiar     Summ           28%        N/A       7%          3
 Freeze                   Ice            44%        1d6       12%         1
 Summon Ice Beast         Ice/Summ       20%        N/A       16%         3
 Blink                    Tloc           22%        N/A       19%         2
 Lesser Beckoning         Tloc           22%        N/A       19%         2
 Momentum Strike          Conj/Tloc      22%        3d8       19%         2
 Confusing Touch          Hex            11%        N/A       34%         3
 Frozen Ramparts          Ice            22%        1d4       34%         3
 Gell's Gravitas          Tloc           11%        N/A       34%         3
 Hailstorm                Conj/Ice       11%        3d6       34%         3
 Sigil of Binding         Hex            11%        N/A       34%         3
 Teleport Other           Tloc           11%        N/A       34%         3
 Animate Armour           Summ/Erth      40%        N/A       45%         4
 Summon Lightning Spire   Summ/Air       20%        N/A       45%         4
 Brom's Barrelling Bould  Conj/Erth      11%        2d3       75%         4
 Dimensional Bullseye     Hex/Tloc       5%         N/A       75%         4
 Passage of Golubria      Tloc           11%        N/A       75%         4
 Fireball                 Conj/Fire      6%         3d5       95%         5
 Iskenderun's Battlesphe  Conj           11%        2d7       97%         5
 Lee's Rapid Deconstruct  Erth           5%         3d6*      97%         5
 Silence                  Hex/Air        5%         N/A       97%         5
 Conjure Ball Lightning   Conj/Air       5%         3x3d6     100%        6
 Dispersal                Tloc           5%         N/A       100%        6
 Sculpt Simulacrum        Ice/Alch       5%         N/A       100%        6
 Haunt                    Necr/Summ      24%        N/A       95%         7
 Borgnjor's Revivificati  Necr           31%        N/A       96%         8
 Infestation              Necr           31%        N/A       96%         8
 Orb of Destruction       Conj           5%         9d5       100%        7
 Lehudib's Crystal Spear  Conj/Erth      5%         10d3      100%        8
 Death's Door             Necr           31%        N/A       100%        9


Dungeon Overview and Level Annotations

Branches:
Dungeon (10/15)            Temple (1/1) D:7            Lair (5/5) D:9
 Shoals (0/4) Lair:3       Spider (0/4) Lair:3        Slime (0/5) Lair:5
    Orc (2/2) D:10            Elf (0/3) Orc:2       Ossuary (visited)
Volcano (visited)         Gauntlet (visited)

Altars:
Ashenzari
Cheibriados
Dithmenos
Fedhas
Gozag
Hepliaklqana
Kikubaaqudgha
Makhleb
Nemelex Xobeh
Okawaru
Qazlal
Ru
Sif Muna
Trog
Uskayaw
Vehumet
Wu Jian
Xom
Yredelemnul
Jiyva

Shops:
D:1 [   D:3 (   D:4 (

Annotations:
D:6 exclusion: steam dragon
Lair:2 death yak
Lair:3 exclusions: door and upstairs


Innate Abilities, Weirdness & Mutations

You have very sharp fingernails.
You are completely covered in thin metallic scales. (AC +4, rElec)
You are completely covered in sharp spines.
You regenerate magic rapidly.


Message History

The orc high priest barely misses you.
You hit the orc high priest but do no damage.
The orc high priest writhes in agony.
The orc high priest is severely wounded.
The ice devil hits you but does no damage.
The sun demon hits you.
* * * LOW HITPOINT WARNING * * *
You are engulfed in flames.
You resist.
* * * LOW HITPOINT WARNING * * *
The orc high priest hits you but does no damage.
You barely miss the orc high priest.
The orc high priest is severely wounded.
The ice devil closely misses you.
The sun demon hits you but does no damage.
You closely miss the orc high priest.
The orc high priest is severely wounded.
The orc high priest invokes the aid of Beogh against you.
Beogh smites you!
* * * LOW HITPOINT WARNING * * *
The sun demon is struck by your spines. The sun demon hits you!
* * * LOW HITPOINT WARNING * * *
You are engulfed in flames.
You resist.
* * * LOW HITPOINT WARNING * * *
The ice devil hits you.
* * * LOW HITPOINT WARNING * * *
The ice devil freezes you. You resist.
* * * LOW HITPOINT WARNING * * *
You barely miss the orc high priest.
The orc high priest is severely wounded.
The sun demon is struck by your spines.
You kill the sun demon!
The sun demon disappears in a puff of smoke!
The orc high priest is struck by your spines.
The orc high priest hits you with a +0 trident!
* * * LOW HITPOINT WARNING * * *
The ice devil is struck by your spines. The ice devil hits you!
* * * LOW HITPOINT WARNING * * *
The ice devil freezes you! You resist.
You die...
Kikubaaqudgha rasps: "You have failed me!
Welcome... death!"

..#..#.#............# #..)
.#......#..)#.##.#.## ##..#
#.......##......## #...#
......[..##......# #####.#[
..#......)..)..)###.#.##[#
..........#)..#.[..[[.....)
.......#)###...#)....[.##.#
.........)[....)......##...
.........4@ยง...[......###.#
.######..o######......#####
........ ##......# .........
##....## ...#####. #)...# ..
#....### . #.#....##
#.......# #.#.#..##


You could see an orc high priest and an ice devil (summoned).

Vanquished Creatures
  A red draconian (Volcano)
  A fire dragon (Lair:5)
  6 hydras
  An ogre mage (Volcano)
  3 two-headed ogres (Volcano)
  A death yak (Lair:3)
  4 orc high priests (Orc:2)
  2 skysharks (Lair:5)
  A lindwurm (Lair:5)
  3 orc sorcerers (Orc:2)
  2 meliai (Lair:5)
  9 elephants
  2 kobold blastminers (Orc:2)
  A molten gargoyle (Lair:5)
  5 black mambas
  Maggie (D:8)
  3 kobold demonologists (D:10)
  6 cane toads
  A rime drake (Lair:5)
  6 komodo dragons
  Psyche (D:8)
  3 trolls
  A polar bear (Lair:2)
  13 blink frogs
  3 dream sheep (Lair:5)
  2 hornets (D:9)
  2 wyverns
  4 basilisks
  5 fire bats (Volcano)
  26 yaks
  4 wargs
  2 steam dragons
  3 redbacks (Lair:3)
  An acid dragon (D:9)
  Duvessa (D:7)
  7 water moccasins
  An ice beast (D:7)
  A sky beast (D:7)
  A black bear (D:5)
  21 orc warriors
  4 ogres
  8 wolves (Lair:1)
  4 centaurs
  3 kobold brigands
  4 bullfrogs
  A gnoll sergeant (D:9)
  A scorpion (D:4)
  11 wights
  Dowan (D:7)
  13 killer bees
  6 howler monkeys
  A jelly (D:4)
  8 lava snakes
  A bullfrog zombie (Ossuary)
  2 bombardier beetles (D:5)
  4 hounds
  33 orc priests
  4 iguanas
  2 gnoll boudas (D:8)
  8 mummies (Ossuary)
  A sleepcap (D:5)
  22 orc wizards
  A hell rat (Lair:1)
  2 killer bee zombies (Ossuary)
  2 crocodile zombies (Ossuary)
  5 hound zombies
  3 howler monkey zombies (Ossuary)
  12 gnolls
  2 howler monkey skeletons (D:5)
  9 adders
  A shadow imp (D:6)
  A white imp (D:4)
  2 ufetubi (D:6)
  An adder zombie (D:5)
  3 dart slugs
  2 ribbon worms
  54 orcs
  3 bats
  2 endoplasms
  8 goblins
  7 hobgoblins
  5 jackals (D:4)
  10 kobolds
  3 quokkas
  8 ball pythons
  2 ball python zombies (Ossuary)
  A frilled lizard (D:1)
  3 rats
455 creatures vanquished.

Vanquished Creatures (collateral kills)
  A two-headed ogre (Volcano)
  A lindwurm (Lair:5)
  An oklob plant (Lair:5)
  A meliai (Lair:5)
  6 elephants
  3 molten gargoyles
  2 torpor snails
  3 komodo dragons
  A rime drake (Lair:4)
  3 cane toads
  A queen bee (Lair:5)
  10 dream sheep
  6 blink frogs
  3 wyverns (Lair:5)
  4 yaks
  2 basilisks (Lair:5)
  4 water moccasins
  4 hell hounds (Lair:5)
  5 orc warriors
  A kobold brigand (D:10)
  A bullfrog (Lair:2)
  9 killer bees (Lair:5)
  An electric eel (Lair:2)
  A lava snake (Lair:5)
  3 orc priests (Orc:2)
  2 gnoll boudas (D:8)
  4 hell rats (Lair:1)
  3 gnolls (D:8)
  10 orcs
  An endoplasm (D:4)
  3 kobolds
  A bat (D:3)
  A rat (D:2)
102 creatures vanquished.

Vanquished Creatures (others)
  A hydra zombie (Lair:5)
  2 meliai zombies (Lair:5)
  A black mamba zombie (Lair:5)
  2 skyshark zombies (Lair:5)
  A cane toad zombie (Lair:2)
  A two-headed ogre zombie (Volcano)
  8 elephant zombies
  A black bear (Lair:2)
  4 blink frog zombies (Lair:1)
  A komodo dragon zombie (Lair:5)
  A hell hound zombie (Lair:5)
  2 wyvern zombies
  A water moccasin zombie (D:7)
  6 yak zombies
  5 wolf zombies (Lair:1)
  A lava snake (Volcano)
  2 basilisk zombies (Lair:5)
  An orc wizard (Orc:2)
  7 killer bee zombies (Lair:5)
  2 ogre zombies
  4 gnoll zombies (D:8)
  A lava snake zombie (Lair:5)
  An orc (D:6)
  28 orc zombies
84 creatures vanquished.

Grand Total: 641 creatures vanquished

Notes
Turn   | Place    | Note
-------+----------+-------------------------------------------
     0 | D:1      | seren the Demonspawn Necromancer began the quest for the
                  | Orb.
     0 | D:1      | Reached XP level 1. HP: 13/13 MP: 3/3
   274 | D:1      | Found Tock's Antique Armour Emporium.
   449 | D:1      | Gained mutation: You have sharp fingernails. [demonic
                  | ancestry]
   449 | D:1      | Reached XP level 2. HP: 19/19 MP: 5/5
   677 | D:1      | Found a faded altar of an unknown god.
  1113 | D:2      | Gained mutation: You are partially covered in sharp spines.
                  | [demonic ancestry]
  1113 | D:2      | Reached XP level 3. HP: 17/24 MP: 1/6
  1195 | D:2      | Found a radiant altar of Vehumet.
  1855 | D:2      | Identified the +7 hand axe of Ghostly Reinforcement {holy,
                  | rF- rCorr Str+3}
  2067 | D:3      | Found a burning altar of Makhleb.
  2273 | D:3      | Found a radiant altar of Vehumet.
  2291 | D:3      | Gained mutation: You are mostly covered in sharp spines.
                  | [demonic ancestry]
  2291 | D:3      | Reached XP level 4. HP: 31/31 MP: 7/7
  2330 | D:3      | Reached skill level 1 in Fighting
  2426 | D:3      | Found a hide-covered altar of Uskayaw.
  2453 | D:3      | Noticed a +0 giant spiked club
  2455 | D:3      | Found Lem Xume's Weapon Boutique.
  2456 | D:3      | Noticed a +0 rapier
  2461 | D:3      | Reached skill level 5 in Necromancy
  2779 | D:4      | Learned a level 3 spell: Vampiric Draining
  2851 | D:4      | Reached skill level 1 in Unarmed Combat
  2877 | D:4      | Found Bookh's Antique Weapon Emporium.
  2881 | D:4      | Noticed a water moccasin
  2886 | D:4      | Gained mutation: You have very sharp fingernails. [demonic
                  | ancestry]
  2886 | D:4      | Reached XP level 5. HP: 33/37 MP: 6/9
  2898 | D:4      | Killed a water moccasin
  2899 | D:4      | Gained mutation: You are partially covered in thin metallic
                  | scales. (AC +2) [demonic ancestry]
  2899 | D:4      | Reached XP level 6. HP: 32/44 MP: 7/10
  2916 | D:4      | Reached skill level 1 in Fire Magic
  3730 | D:5      | Entered Level 5 of the Dungeon
  3802 | D:5      | Reached XP level 7. HP: 41/50 MP: 9/12
  3847 | D:5      | Reached skill level 6 in Necromancy
  3879 | D:5      | Learned a level 4 spell: Animate Dead
  3884 | D:5      | Found a sand-covered staircase.
  3896 | Ossuary  | Entered an ossuary
  4224 | Ossuary  | Reached XP level 8. HP: 49/57 MP: 14/14
  4616 | D:5      | Found a hazy altar of Hepliaklqana.
  4952 | D:5      | Found a stormy altar of Qazlal.
  5141 | D:6      | Reached skill level 7 in Necromancy
  5194 | D:6      | Reached skill level 5 in Spellcasting
  5194 | D:6      | Reached skill level 1 in Evocations
  5482 | D:6      | Reached skill level 1 in Short Blades
  5554 | D:6      | Found an iron altar of Okawaru.
  6021 | D:7      | Gained mutation: You regenerate magic rapidly. [demonic
                  | ancestry]
  6021 | D:7      | Reached XP level 9. HP: 62/63 MP: 17/17
  6030 | D:7      | Learned a level 5 spell: Curse of Agony
  6035 | D:7      | Learned a level 4 spell: Dispel Undead
  6123 | D:7      | Reached skill level 8 in Necromancy
  6195 | D:7      | Noticed Duvessa
  6285 | D:7      | Noticed Dowan
  6309 | D:7      | Killed Duvessa
  6318 | D:7      | Killed Dowan
  6567 | D:1      | Bought a fine scale mail for 270 gold pieces
  6567 | D:1      | Identified the +6 scale mail of the Lost Souls {Harm
                  | *Corrode Regen+ Str+5} (You bought it in a shop on level 1
                  | of the Dungeon)
  6777 | D:7      | Found a staircase to the Ecumenical Temple.
  6791 | Temple   | Entered the Ecumenical Temple
  6814 | Temple   | Became a worshipper of Kikubaaqudgha
  7388 | D:8      | Noticed Psyche
  7427 | D:8      | Killed Psyche
  7428 | D:8      | Reached skill level 5 in Dodging
  7566 | D:8      | Found a bloodstained altar of Trog.
  7670 | D:8      | Noticed Maggie
  7905 | D:8      | Reached * piety under Kikubaaqudgha
  7905 | D:8      | Received a gift from Kikubaaqudgha
  8062 | D:8      | Reached skill level 9 in Necromancy
  8062 | D:8      | Reached XP level 10. HP: 70/70 MP: 20/20
  8437 | D:8      | Killed Maggie
  8841 | D:9      | Found a broken altar of Ashenzari.
  9094 | D:9      | Identified the +3 hand axe of Vengeance {heavy, rN+}
  9183 | D:9      | Reached skill level 1 in Armour
  9203 | D:9      | Found a staircase to the Lair.
  9263 | D:9      | Reached ** piety under Kikubaaqudgha
  9580 | D:9      | Found a basalt altar of Yredelemnul.
 10180 | D:10     | Entered Level 10 of the Dungeon
 10324 | Lair:1   | Entered Level 1 of the Lair of Beasts
 10473 | D:10     | Gained mutation: You are mostly covered in thin metallic
                  | scales. (AC +3) [demonic ancestry]
 10473 | D:10     | Reached XP level 11. HP: 77/77 MP: 9/22
 10474 | D:10     | Reached skill level 10 in Necromancy
 10477 | D:10     | Identified the +3 war axe of Massacring {heavy, *Noise
                  | rPois Dex+3}
 10579 | D:10     | Found a blossoming altar of Fedhas.
 10630 | D:10     | Reached skill level 5 in Short Blades
 10631 | D:10     | Reached skill level 5 in Stealth
 10689 | D:10     | Found a sacrificial altar of Ru.
 10960 | D:10     | Found a staircase to the Orcish Mines.
 10972 | D:10     | Reached *** piety under Kikubaaqudgha
 10972 | D:10     | Received a gift from Kikubaaqudgha
 11661 | Lair:1   | Reached skill level 5 in Fighting
 11768 | Lair:1   | Reached **** piety under Kikubaaqudgha
 11771 | Lair:1   | Reached skill level 11 in Necromancy
 12317 | Lair:2   | Noticed a death yak
 12465 | Lair:2   | Found a gate leading to a gauntlet.
 12483 | Gauntlet | Entered a Gauntlet
 12483 | Gauntlet | Noticed an oklob plant
 12483 | Gauntlet | Found a transporter.
 12483 | Gauntlet | Found a transporter.
 12497 | Gauntlet | Found a transporter.
 12497 | Gauntlet | Found a transporter.
 12500 | Gauntlet | Found a transporter.
 12502 | Gauntlet | Found a large runed translucent door.
 12502 | Gauntlet | Found a large runed translucent door.
 12503 | Gauntlet | Found a large runed translucent door.
 12503 | Gauntlet | Found a large runed translucent door.
 12504 | Gauntlet | Found a large runed translucent door.
 12504 | Gauntlet | Found a large runed translucent door.
 12504 | Gauntlet | Found a runed translucent door.
 12504 | Gauntlet | Found a runed translucent door.
 12524 | Gauntlet | Found a transporter.
 12524 | Gauntlet | Noticed a large abomination
 12539 | Gauntlet | Found a transporter.
 12553 | Gauntlet | Found a large runed translucent door.
 12554 | Gauntlet | Found a large runed translucent door.
 12554 | Gauntlet | Found a large runed translucent door.
 12554 | Gauntlet | Found a large runed translucent door.
 12555 | Gauntlet | Found a large runed translucent door.
 12555 | Gauntlet | Found a large runed translucent door.
 12556 | Gauntlet | Found a runed translucent gate.
 12557 | Gauntlet | Found a runed translucent gate.
 12558 | Gauntlet | Found a runed translucent gate.
 12559 | Gauntlet | Found a transporter.
 12561 | Gauntlet | Noticed a quicksilver ooze
 12562 | Gauntlet | Found a transporter.
 12562 | Gauntlet | Found a transporter.
 12565 | Gauntlet | Noticed a dire elephant
 12578 | Gauntlet | Found a transporter.
 12596 | Gauntlet | Found a transporter.
 12606 | Gauntlet | Found a transporter.
 12608 | Gauntlet | Noticed an entropy weaver
 12621 | Gauntlet | Found a transporter.
 12635 | Gauntlet | Found a large runed translucent door.
 12636 | Gauntlet | Found a large runed translucent door.
 12637 | Gauntlet | Found a large runed translucent door.
 12637 | Gauntlet | Found a large runed translucent door.
 12706 | Lair:2   | Gained mutation: You are completely covered in sharp
                  | spines. [demonic ancestry]
 12706 | Lair:2   | Reached XP level 12. HP: 66/86 MP: 22/25
 13072 | Lair:2   | Learned a level 4 spell: Martyr's Knell
 13414 | Lair:2   | Noticed a death yak
 13480 | Lair:3   | Noticed a six-headed hydra
 13500 | Lair:3   | Killed a six-headed hydra
 13509 | Lair:3   | Reached skill level 1 in Summonings
 14102 | Lair:2   | Noticed a death yak
 14102 | Lair:2   | Noticed a death yak
 14102 | Lair:2   | Noticed a death yak
 14102 | Lair:2   | Noticed a death yak
 14117 | Lair:3   | Killed a death yak
 14427 | Lair:3   | Found a hole to the Spider Nest.
 14635 | Lair:3   | Found a staircase to the Shoals.
 14841 | Lair:4   | Reached skill level 12 in Necromancy
 14904 | Lair:4   | Noticed a four-headed hydra
 14904 | Lair:4   | Noticed a seven-headed hydra
 14924 | Lair:4   | Killed a seven-headed hydra
 14927 | Lair:4   | Killed a four-headed hydra
 14980 | Lair:4   | Reached skill level 5 in Evocations
 15085 | Lair:4   | Noticed a seven-headed hydra
 15096 | Lair:4   | Killed a seven-headed hydra
 15155 | Lair:4   | Reached ***** piety under Kikubaaqudgha
 15739 | Lair:5   | Entered Level 5 of the Lair of Beasts
 15761 | Lair:5   | Reached XP level 13. HP: 78/93 MP: 16/26
 15766 | Lair:5   | Reached skill level 10 in Spellcasting
 15956 | Lair:5   | Found a dark tunnel.
 15965 | Volcano  | Entered a volcano
 16258 | Volcano  | Found a radiant altar of Vehumet.
 16271 | Volcano  | Reached skill level 5 in Armour
 16539 | Volcano  | Noticed a red draconian
 16548 | Volcano  | Killed a red draconian
 16709 | Lair:5   | Learned a level 2 spell: Sublimation of Blood
 17005 | Lair:5   | Found a viscous altar of Jiyva.
 17006 | Lair:5   | Found a staircase to the Slime Pits.
 17057 | Lair:5   | Reached skill level 13 in Necromancy
 17511 | Lair:5   | Identified the +0 buckler "Pafre Naido" {rF+ rC++ Dex-4
                  | SInv}
 17608 | Lair:5   | Gained mutation: You are completely covered in thin
                  | metallic scales. (AC +4, rElec) [demonic ancestry]
 17608 | Lair:5   | Reached XP level 14. HP: 101/104 MP: 28/28
 17649 | Lair:5   | Reached ****** piety under Kikubaaqudgha
 17669 | Lair:5   | Reached skill level 1 in Shields
 18252 | Lair:5   | Found a large runed translucent door.
 18253 | Lair:5   | Found a large runed translucent door.
 18475 | Lair:5   | Identified the +5 flail "Vobluz" {freeze, Str+3}
 18680 | Orc:1    | Entered Level 1 of the Orcish Mines
 18922 | Orc:2    | Entered Level 2 of the Orcish Mines
 19090 | Orc:2    | Reached skill level 10 in Dodging
 19127 | Orc:2    | Found a staircase to the Elven Halls.
 19821 | Orc:2    | Paralysed by an orc sorcerer for 2 turns
 20930 | Orc:2    | Received a gift from Kikubaaqudgha (forbidden knowledge)
 20946 | Orc:2    | Learned a level 6 spell: Death Channel
 21028 | Orc:2    | Slain by an ice devil

Illustrated notes

Levels and vault maps discovered:
D:1:      ncdulo_smallfort, layout_loops_ring, serial_rivers,
          chequers_serial_rivers_micro_a, chequers_serial_rivers_large_b,
          chequers_serial_rivers_room_a, chequers_serial_rivers_micro_d,
          hellmonk_ecumenical_altar_heavens_door, serial_shops,
          nicolae_shop_tiny_waterfront, grunt_decor_junction
D:2:      layout_loops_corners, basic_altar, minmay_splitting_lines,
          minmay_indecisive_spiral
D:3:      layout_loops_ring, mainiacjoe_overflow_surrounded_room,
          nicolae_uskayaw_dance_hall, mainiacjoe_overflow_alcove_2,
          serial_shops, nicolae_shop_mannequins, serial_bayou_lake_a
D:4:      layout_basic, serial_shops, nicolae_shop_crystal, minmay_starry_boxes
D:5:      layout_loops_ring, mainiacjoe_overflow_catwalk_spiral,
          mainiacjoe_ossuary_entry_find_the_door, chequers_serial_rivers_micro_c
D:6:      layout_rooms, lemuel_crystal_altar, lemuel_flamethrower_1
D:7:      layout_rooms, minmay_temple_entry_waves, uniq_duvessa
D:8:      kennysheep_seaside_town, layout_basic, trog_three_pillars_becter,
          hangedman_decor_riveting, chequers_serial_rivers_room_b,
          nicolae_kite_square_tiling_tiny, uniq_psyche, uniq_maggie
D:9:      layout_loops_corners, evilmike_ruin_ashenzari,
          nicolae_overflow_crystal_walls, mainiacjoe_overflow_boulevard,
          dpeg_oklobed_lair, fungi_pond_lemuel
D:10:     layout_basic, mainiacjoe_overflow_six_doors_small,
          hangedman_ru_absence, david_orc_5
Temple:   chequers_temple_sunken
Lair:1:   layout_misc_corridors, grunt_megastairs_2
Lair:2:   layout_misc_corridors, gauntlet_entry_generic, serial_bayou_shore_b,
          serial_bayou_shore_a
Lair:3:   layout_chaotic_city, minmay_shoals_entry_hut, spider_nest_entry_webs
Lair:4:   layout_regular_city
Lair:5:   cheibrodos_lair_end_hotspot, layout_long_grid, slime_entry_1,
          special_room [special_room_bee], nicolae_volcano_entry_vermiform,
          lemuel_fruit_tree
Orc:1:    layout_caves, basic_altar, serial_shops, shop_fountains,
          nicolae_orc_takin'_care_of_business
Orc:2:    st_orc_mages, layout_caves

Skill      XL: |  1  2  3  4  5  6  7  8  9 10 11 12 13 14 |
---------------+-------------------------------------------+-----
Stealth        | 2 3 4 5 |  5.0
Dodging        | 2 3 4 5 6 8 9 10 | 10.0
Fighting       | 1 2 3 4 5 6 7 8 |  8.3
Necromancy     | 5 6 7 9 11 12 13 | 13.6
Unarmed Combat | 1 2 3 |  3.1
Spellcasting   | 3 4 5 6 7 9 10 11 | 11.2
Fire Magic     | 1 |  1.0
Evocations     | 2 4 5 6 |  6.0
Short Blades   | 1 3 4 6 |  6.0
Armour         | 2 3 4 6 |  6.9
Summonings     | 4 |  4.0
Shields        | 4 |  4.0

Action                     |  1- 3 |  4- 6 |  7- 9 | 10-12 | 13-15 || total
---------------------------+-------+-------+-------+-------+-------++-------
  Melee: Whip              |    58 |     5 |       |       |       ||    63
         Unarmed           |    14 |    82 |   144 |       |       ||   240
         Punch             |       |     3 |    10 |    14 |     7 ||    34
         Dagger            |       |       |   241 |   493 |   430 ||  1164
   Cast: Necrotise         |    22 |    21 |    10 |     6 |    20 ||    79
         Vampiric Draining |       |       |     3 |     8 |     8 ||    19
         Animate Dead      |       |       |     3 |    15 |    12 ||    30
         Curse of Agony    |       |       |       |    28 |    18 ||    46
         Dispel Undead     |       |       |       |     2 |       ||     2
         Martyr's Knell    |       |       |       |     7 |    18 ||    25
 Invoke: Receive Forbidden |       |       |       |       |     1 ||     1
  Evoke: Wand              |       |       |       |     5 |     2 ||     7
    Use: Potion            |       |     1 |     2 |     1 |     4 ||     8
         Scroll            |       |     5 |     3 |     8 |     7 ||    23
   Stab: Sleeping          |     4 |       |    10 |     8 |     6 ||    28
         Distracted        |     1 |       |     4 |     2 |     5 ||    12
 Armour: Robe              |    28 |    29 |   143 |   215 |    27 ||   442
         Leather armour    |       |       |       |       |   329 ||   329
  Dodge: Dodged            |    50 |    67 |   263 |   322 |   283 ||   985
  Block: Buckler           |       |       |       |       |    39 ||    39

Table legend: (Time is in decaauts)
 A = Elapsed time spent in this place.
 B = Non-inter-level travel time spent in this place.
 C = Inter-level travel time spent in this place.
 D = Time resting spent in this place.
 E = Time spent auto-exploring this place.
 F = Levels seen in this place.
 G = Mean time per level.
                   A        B        C        D        E       F      G
               +--------+--------+--------+--------+--------+-----+--------+
         Total |  20876 |  19859 |   1017 |   3726 |   8655 |  21 |  994.1 |
       Dungeon |  10998 |  10348 |    650 |   1304 |   5793 |  10 | 1099.8 |
        Temple |     53 |     30 |     23 |      0 |      0 |   1 |   53.0 |
          Lair |   6240 |   5926 |    314 |   1231 |   2276 |   5 | 1248.0 |
  Orcish Mines |   2194 |   2165 |     29 |    817 |    576 |   2 | 1097.0 |
       Ossuary |    576 |    576 |      0 |    144 |      9 |   1 |  576.0 |
       Volcano |    608 |    608 |      0 |    230 |      0 |   1 |  608.0 |
      Gauntlet |    204 |    204 |      0 |      0 |      0 |   1 |  204.0 |
               +--------+--------+--------+--------+--------+-----+--------+

Top non-repeatable levels by time:
  Lair:5: 1984 daAuts
     D:8: 1700 daAuts
     D:9: 1499 daAuts
  Lair:3: 1233 daAuts
     D:1: 1183 daAuts
    D:10: 1179 daAuts
  Lair:4: 1169 daAuts
   Orc:1: 1129 daAuts
   Orc:2: 1065 daAuts
     D:2: 1055 daAuts
     D:4: 992 daAuts
  Lair:2: 958 daAuts
     D:5: 930 daAuts
  Lair:1: 895 daAuts
     D:7: 870 daAuts
